Map: Rovine di Endion

Players

Jhyrachy - Winner!

  • Race: Zerg Zerg
  • League: Gold

Alexandreabc

  • Race: Terran Terran
  • League: Gold

VOD

Have the link to the VOD?

Description

Time

  • Played on: April 26, 2016, 6:33 p.m.
  • Length: 8:58
Show
View Real Time Build Order
Export as new Build Order

Jhyrachy Zerg - Winner!

Build Orders: Hatch First 

Get SALT Encoding   

  12  0:01  Drone  
  13  0:09  Drone  
  14  0:17  Overlord  
  14  0:36  Drone x3  
  17  0:56  Hatchery  
  16  0:59  Drone  
  16  1:02  Drone  
  16  1:03  Extractor  
  17  1:17  Spawning Pool  
  16  1:19  Drone  
  16  1:21  Drone  
  18  1:31  Drone  
  19  1:41  Overlord  
  19  2:06  Queen  
  21  2:09  Queen  
  21  2:12  Drone x3  
  26  2:19  Zergling x2  
  27  2:24  Zergling x2  
  27  2:28  Drone  
  29  2:45  Lair  
  29  2:48  Extractor  
  28  3:04  Drone x3  
  28  3:05  Drone x3  
  34  3:08  Extractor  
  34  3:09  Extractor  
  32  3:17  Drone x2  
  34  3:20  Drone x2  
  34  3:22  Overlord  
  36  3:51  Spire  
  33  4:19  Overlord x3  
  33  4:27  Drone  
  34  4:54  Hatchery  
  33  5:03  Mutalisk  
  33  5:04  Mutalisk x7  
  49  5:08  Drone  
  49  5:09  Drone x8  
  58  5:18  Overlord  
  58  5:22  Queen  
  60  5:33  Roach Warren  
  59  5:36  Evolution Chamber  
  59  5:39  Evolution Chamber  
  55  6:54  Zerg Ground Armor Level 1, Zerg Melee Weapons Level 1  
  55  7:10  Roach x2  
  55  7:11  Roach x11  
  55  7:12  Overlord x3  
  55  7:13  Overlord  
  81  7:56  Roach  
  81  7:57  Roach x14  
Show
View Real Time Build Order
Export as new Build Order

Alexandreabc Terran 

Build Orders:  

Get SALT Encoding   

  12  0:01  SCV  
  13  0:13  SCV  
  14  0:19  Supply Depot  
  14  0:25  SCV  
  15  0:40  SCV  
  15  0:42  Barracks  
  16  0:47  Refinery  
  16  0:52  SCV  
  16  0:56  Refinery  
  17  1:07  SCV  
  18  1:21  SCV  
  19  1:30  Reaper  
  20  1:34  SCV  
  21  1:49  Command Center  
  21  1:51  SCV  
  22  2:06  Factory  
  22  2:09  Barracks Reactor  
  22  2:11  SCV  
  23  2:35  Orbital Command  
  23  2:39  Supply Depot  
  23  2:50  Starport, Factory Tech Lab  
  22  2:59  Reaper  
  22  3:00  Reaper  
  22  3:04  SCV  
  25  3:09  Orbital Command  
  25  3:18  Siege Tank  
  25  3:19  SCV  
  29  3:27  Bunker  
  29  3:29  Starport Reactor  
  29  3:37  Marine x2  
  29  3:38  SCV  
  29  3:41  SCV  
  33  3:50  Engineering Bay  
  33  3:51  SCV  
  33  4:12  SCV x2  
  34  4:19  Medivac x2  
  34  4:20  Siege Tank  
  34  4:21  Marine x2  
  43  4:26  SCV x2  
  45  4:31  Supply Depot  
  45  4:34  Terran Infantry Weapons Level 1  
  45  4:38  Supply Depot  
  45  4:41  Supply Depot  
  45  4:50  SCV  
  45  4:51  Barracks  
  46  4:53  SCV, Barracks Tech Lab  
  47  5:01  Medivac  
  49  5:07  Refinery  
  49  5:09  SCV x2  
  49  5:12  Refinery  
  51  5:19  Supply Depot  
  51  5:24  SCV  
  51  5:25  SCV  
  51  5:27  Marine x2  
  55  5:33  Supply Depot  
  55  5:34  Medivac  
  57  5:36  Siege Tank  
  57  5:38  SCV  
  61  5:43  Command Center  
  61  5:51  Missile Turret  
  61  5:53  Missile Turret  
  61  5:55  Marine x2  
  55  6:06  Missile Turret  
  51  6:13  Missile Turret x2  
  51  6:17  Missile Turret  
  46  6:22  Missile Turret  
  46  6:23  Viking  
  43  6:28  Marine  
  37  6:45  Viking  
  36  6:47  SCV  
  36  6:58  Orbital Command  
  34  7:07  SCV  
  34  7:08  SCV  
  36  7:21  Missile Turret  
  36  7:23  Missile Turret  
  36  7:25  Missile Turret  
  36  7:26  Hi-Sec Auto Tracking  
  34  7:35  SCV  
  35  7:38  SCV  
  36  7:48  Missile Turret  
  36  7:52  Missile Turret  
  36  7:54  Viking  
  36  7:58  Factory Tech Lab  
  38  7:59  SCV  
  38  8:03  SCV x2  
  41  8:11  Missile Turret  
  41  8:18  Factory Tech Lab  
  41  8:23  Factory Tech Lab  
  41  8:25  SCV x3  
  41  8:37  SCV  
  41  8:40  SCV x2  
Tags
 
Add a new tag
Caveats
  • Supply blocks, unpowered buildings, or Contaminate may cause inaccurate times.
  • Supply counts are checked every 10 seconds.